 Dungeon Sprint DCSS version 0.31-a0-1071-gaead2f62b1 (webtiles) character file.

Game seed: 12509808171828455724

102 rocky1 the Trooper (level 4, -5/82 HPs)
             Began as an Ogre Berserker on Nov 26, 2023.
             Was a Believer of Trog.
             Slain by a water elemental (21 damage)
             ... in the Dungeon (Sprint III: "The Ten Rune Challenge").
             The game lasted 00:00:45 (148 turns).

rocky1 the Trooper (Ogre Berserker)                  Turns: 148, Time: 00:00:46

Health: -5/82      AC:  3    Str: 21    XL:     4   Next: 77%
Magic:  4/4        EV: 11    Int:  8    God:    Trog [**....]
Gold:   11         SH:  0    Dex: 10    Spells: 3/3 levels left

rFire   . . .        a - +0 mace
rCold   . . .        (no shield)
rNeg    . . .        b - +0 animal skin
rPois   .            (helmet restricted)
rElec   .            (no cloak)
rCorr   .            (gloves unavailable)
SInv    .            (boots unavailable)
Will    .....        (no amulet) Stlth
                     (no ring)
HPRegen 0.33/turn    (no ring)
MPRegen 0.09/turn

%: no teleportation
@: berserking, engulfed (cannot breathe), very quick
A: large, unfitting armour, tough skin 1
a: Renounce Religion, Berserk, Trog's Hand


You were in the Dungeon.
You worshipped Trog.
Trog was pleased with you.
You visited 1 branch You collected 11 gold pieces.

Inventory:

Hand Weapons
 a - a +0 mace (weapon)
Armour
 b - a +0 animal skin (worn)
Scrolls
 h - a scroll of blinking
 i - a scroll of summoning {unknown}
 j - a scroll of amnesia {unknown}
 l - a scroll of torment {unknown}
 m - a scroll of enchant armour {unknown}
 o - a scroll of immolation {unknown}
 p - 2 scrolls of identify
Potions
 c - 2 potions of curing
 d - a potion of heal wounds
 e - a potion of haste
 f - 2 potions of magic
 g - a potion of berserk rage
 k - 5 potions of mutation
 n - 2 potions of enlightenment


   Skills:
 + Level 7.5 Fighting
 + Level 5.5 Maces & Flails
 + Level 5.2 Dodging
 + Level 1.1 Stealth


You had 3 spell levels left.
You didn't know any spells.
Your spell library was empty.

Dungeon Overview and Level Annotations

Branches:
Dungeon (1/1)

Altars:


Innate Abilities, Weirdness & Mutations

You are too large for most types of armour.
You have tough skin. (AC +1)


Message History

c - 2 potions of curing (gained 1)
You now have 11 gold pieces (gained 9).
There is an open door here.
You start resting.
HP restored.
You open the door.
A water elemental comes into view.
There is an open door to the Ecumenical Temple here.
You hit the water elemental but do no damage.
The water elemental hits you.
The water elemental engulfs you in water!
Okay, then.
You slip free of the water engulfing you.
You gasp with relief as air once again reaches your lungs.
A red film seems to cover your vision as you go berserk!
You feel yourself moving faster!
You feel mighty! The water elemental hits you!!
The water elemental engulfs you in water!
You sock the water elemental!
The water elemental is moderately damaged.
Your lungs strain for air!
The water elemental hits you!
You hit the water elemental.
The water elemental is heavily damaged.
Your lungs strain for air!
The water elemental barely misses you.
You hit the water elemental.
The water elemental is severely damaged.
Your lungs strain for air!
The water elemental barely misses you.
You hit the water elemental.
The water elemental is almost destroyed.
* * * LOW HITPOINT WARNING * * *
Your lungs strain for air!
You hit the water elemental but do no damage.
The water elemental is almost destroyed.
* * * LOW HITPOINT WARNING * * *
Your lungs strain for air!
The water elemental hits you!!
You die...

▓▓▓▓▓▓▓▓ ▓▓▓ <..#)..####
##.# ...#......#####..#
..##.......#..#..#
##.##.##...#..#..###+#+##
##.##.###..##'#..#.......
#.####.##..###..@E.⌠.....
.###..##..####...#...####
#..†..##..###....#.⌠.#
###..##...##.....#...#
##..##....#......#+###
#..###..##†#.....# #..#
#.. ####....# ▓▓▓▓ ▓▓▓
▓▓▓▓▓▓


You could see a water elemental.

Vanquished Creatures
  A scorpion (D)
  Jessica (D)
  A human (D)
  An endoplasm (D)
  A rat (D)
5 creatures vanquished.

Notes
Turn   | Place    | Note
-------+----------+-------------------------------------------
     0 | D        | rocky1 the Ogre Berserker began the quest for the Orb.
     0 | D        | Reached XP level 1. HP: 24/24 MP: 1/1
    29 | D        | Noticed Jessica
    32 | D        | Killed Jessica
    32 | D        | Reached ** piety under Trog
    33 | D        | Reached skill level 5 in Fighting
    33 | D        | Reached XP level 2. HP: 36/36 MP: 2/2
    33 | D        | Reached XP level 3. HP: 44/44 MP: 3/3
    65 | D        | Reached skill level 6 in Fighting
   103 | D        | Noticed a scorpion
   109 | D        | Killed a scorpion
   110 | D        | Reached skill level 7 in Fighting
   110 | D        | Reached skill level 5 in Maces & Flails
   110 | D        | Reached skill level 5 in Dodging
   110 | D        | Reached skill level 1 in Stealth
   110 | D        | Reached XP level 4. HP: 47/55 MP: 4/4
   139 | D        | Noticed a water elemental
   148 | D        | Slain by a water elemental

Illustrated notes

Levels and vault maps discovered:
D:        dungeon_sprint_mu [sprint_mu_entry_cave, sprint_mu_temple_rooms,
          sprint_mu_d1_spiders, sprint_mu_d2_genie, sprint_mu_d3_branching,
          sprint_mu_orc_legion, sprint_mu_elf_gauntlet, sprint_mu_hive_nellie,
          sprint_mu_lair_fedhas, sprint_mu_vaults_butterflies,
          sprint_mu_slime_circle, sprint_mu_shoals_kraken,
          sprint_mu_snake_twists, sprint_mu_blade_basic,
          sprint_mu_crypt_fortress, sprint_mu_tomb_spiral,
          sprint_mu_vestibule_basic, sprint_mu_gehenna_hellfire,
          sprint_mu_dis_giant, sprint_mu_tartarus_statrot,
          sprint_mu_cocytus_islands, sprint_mu_zot1]

Skill      XL: |  1  2  3 |
---------------+----------+-----
Maces & Flails | 4 5 |  5.5
Dodging        | 4 5 |  5.2
Fighting       | 5 7 |  7.5
Stealth        | 1 |  1.1

Action                     |  1- 3 |  4- 6 || total
---------------------------+-------+-------++-------
  Melee: Mace              |    16 |     6 ||    22
 Invoke: Berserk           |     1 |     1 ||     2
   Stab: Sleeping          |     1 |       ||     1
 Armour: Animal skin       |     9 |     4 ||    13
  Dodge: Dodged            |     4 |     2 ||     6

Table legend: (Time is in decaauts)
 A = Elapsed time spent in this place.
 B = Non-inter-level travel time spent in this place.
 C = Inter-level travel time spent in this place.
 D = Time resting spent in this place.
 E = Time spent auto-exploring this place.
 F = Levels seen in this place.
 G = Mean time per level.
                   A        B        C        D        E       F      G
               +--------+--------+--------+--------+--------+-----+--------+
         Total |    158 |    158 |      0 |     54 |      0 |   1 |  158.0 |
       Dungeon |    158 |    158 |      0 |     54 |      0 |   1 |  158.0 |
               +--------+--------+--------+--------+--------+-----+--------+

Top non-repeatable levels by time:
       D: 158 daAuts
